 Dungeon Sprint DCSS version 0.30-a0-304-gdc4b735fe1 (webtiles) character file.

Game seed: 17153004059896044676

1244 Low2 the Cruncher (level 8, -1/139 HPs)
             Began as an Ogre Gladiator on Oct 20, 2022.
             Was an Initiate of Nemelex Xobeh.
             Slain by a centaur warrior (11 damage)
             ... in the Dungeon (Sprint I: "Red Sonja").
             The game lasted 00:06:47 (945 turns).

Low2 the Cruncher (Ogre Gladiator)                   Turns: 945, Time: 00:06:50

Health: -1/139     AC:  3    Str: 19    XL:     8   Next: 50%
Magic:  8/8        EV: 13    Int:  9    God:    Nemelex Xobeh [......]
Gold:   168        SH:  0    Dex: 12    Spells: 7/7 levels left

rFire   . . .      SeeInvis .    a - +1 quarterstaff (vorpal)
rCold   . . .      Faith    .    (shield currently unavailable)
rNeg    . . .      Spirit   .    b - +0 robe
rPois   .          Reflect  .    c - +0 hat
rElec   .          Harm     .    (no cloak)
rCorr   .          Rampage  .    (gloves unavailable)
Will    .....      NoTele   +    (boots unavailable)
Stlth   ..........               (no amulet)
HPRegen 0.43/turn                (no ring)
MPRegen 0.11/turn                (no ring)

@: berserking, very quick
A: large, unfitting armour, tough skin 1
a: Renounce Religion, Draw Escape, Draw Destruction, Draw Summoning


You were in the Dungeon.
You worshipped Nemelex Xobeh.
Nemelex Xobeh was noncommittal.
You visited 1 branch You collected 405 gold pieces.
You spent 237 gold pieces at shops.

Inventory:

Hand Weapons
 a - a +1 vorpal quarterstaff (weapon)
Missiles
 e - 3 javelins (quivered)
 f - a large rock
Armour
 b - a +0 robe (worn)
 c - a +0 hat (worn)
Potions
 i - 2 potions of magic
 j - a potion of berserk rage


   Skills:
 + Level 9.8 Fighting
 + Level 12.0 Staves
 + Level 7.4 Throwing
 + Level 9.5 Dodging
 + Level 1.1 Stealth


You had 7 spell levels left.
You didn't know any spells.
Your spell library was empty.

Dungeon Overview and Level Annotations

Branches:
Dungeon (1/1)

Altars:
Cheibriados
Dithmenos
Elyvilon
Fedhas
Gozag
Hepliaklqana
Kikubaaqudgha
Makhleb
Nemelex Xobeh
Okawaru
Qazlal
Ru
Sif Muna
Trog
Uskayaw
Vehumet
Wu Jian
Xom
Yredelemnul
Zin
The Shining One
Jiyva
Lugonu

Shops:
D *


Innate Abilities, Weirdness & Mutations

You are too large for most types of armour.
You have tough skin. (AC +1)


Message History

You hear a shout!
Throw: 4 javelins
Press: ? - help, Q - select action, (/) - cycle Shift-Dir - straight line You can't see that place. [the floor.]
Okay, then.
The centaur warrior wields a +0 shortbow.
The centaur warrior shoots an arrow.
The arrow barely misses you.
Throw: 4 javelins
Press: ? - help, Q - select action, (/) - cycle Shift-Dir - straight line, f/p - centaur warrior
Aim: a centaur warrior, wielding a +0 shortbow (purple smoke, lightly wounded, 72% to hit)
You throw a javelin.
The javelin barely misses the centaur warrior.
The centaur warrior shoots an arrow.
The arrow hits you!
The centaur warrior wields a +0 shortbow of freezing.
It is covered in frost.
The centaur warrior shoots an arrow.
The arrow closely misses you.
The centaur warrior shoots an arrow.
The arrow hits you!!
The centaur warrior shoots an arrow.
The arrow hits you!! The arrow freezes you.
* * * LOW HITPOINT WARNING * * *
The centaur warrior shoots an arrow.
The arrow barely misses you.
There is an open door, spattered with blood here.
A red film seems to cover your vision as you go berserk!
You feel yourself moving faster!
You feel mighty!
The centaur warrior unwields a +0 shortbow of freezing.
The centaur warrior hits you!
* * * LOW HITPOINT WARNING * * *
The centaur warrior kicks you but does no damage.
The centaur warrior unwields a +0 shortbow.
The centaur warrior hits you!
* * * LOW HITPOINT WARNING * * *
The centaur warrior kicks you but does no damage.
You sock the centaur warrior!
The centaur warrior is moderately wounded.
The centaur warrior hits you!
* * * LOW HITPOINT WARNING * * *
The centaur warrior barely misses you. The centaur warrior hits you!
You die...
Your body disappears without a glow.

##########################
#<.#..').#.)'..#__#..'...#
#..').#..'..#..'..'..#...#
#..#####'#####'#__####...+
#.)####..#...#.####[(#####
#).#__####..##[#~~§§(#
#..#_____##'#_.@c§~§.+
#⌠⌠#_.∩...'..._#c§§..#
####_..__##_.#'##+####
#_____###+#.# ####### ###


You could see 2 centaur warriors.

Vanquished Creatures
  2 kobold demonologists (D)
  A slime creature (D)
  Sigmund (D)
  A yak (D)
  A floating eye (D)
  An ogre (D)
  A jelly (D)
  Ijyb (D)
9 creatures vanquished.

Vanquished Creatures (others)
  A gargoyle (D)
1 creature vanquished.

Grand Total: 10 creatures vanquished

Notes
Turn   | Place    | Note
-------+----------+-------------------------------------------
     0 | D        | Low2 the Ogre Gladiator began the quest for the Orb.
     0 | D        | Reached XP level 1. HP: 22/22 MP: 1/1
     2 | D        | Noticed Ijyb
    34 | D        | Killed Ijyb
    35 | D        | Reached skill level 4 in Staves
    35 | D        | Reached XP level 2. HP: 24/31 MP: 2/2
    35 | D        | Reached XP level 3. HP: 29/37 MP: 3/3
    63 | D        | Noticed an ogre
    74 | D        | Killed an ogre
    75 | D        | Reached skill level 6 in Staves
    75 | D        | Reached skill level 5 in Dodging
    75 | D        | Reached XP level 4. HP: 3/49 MP: 4/4
   252 | D        | Noticed Sigmund
   269 | D        | Killed Sigmund
   270 | D        | Reached skill level 8 in Staves
   270 | D        | Reached XP level 5. HP: 50/59 MP: 5/5
   270 | D        | Reached XP level 6. HP: 57/67 MP: 6/6
   283 | D        | Found an ornate altar of the Wu Jian Council.
   283 | D        | Found a shimmering blue altar of Sif Muna.
   286 | D        | Found a radiant altar of Vehumet.
   289 | D        | Reached skill level 5 in Throwing
   323 | D        | Found Huibyfyte's Assorted Antiques.
   323 | D        | Found an ancient bone altar of Kikubaaqudgha.
   323 | D        | Found a hazy altar of Hepliaklqana.
   323 | D        | Found a stormy altar of Qazlal.
   323 | D        | Found a hide-covered altar of Uskayaw.
   323 | D        | Found a blossoming altar of Fedhas.
   323 | D        | Found a bloodstained altar of Trog.
   323 | D        | Found an iron altar of Okawaru.
   323 | D        | Found a basalt altar of Yredelemnul.
   323 | D        | Found a glowing golden altar of the Shining One.
   323 | D        | Found a snail-covered altar of Cheibriados.
   323 | D        | Found a sacrificial altar of Ru.
   323 | D        | Found a glowing silver altar of Zin.
   323 | D        | Found a shadowy altar of Dithmenos.
   323 | D        | Found a white marble altar of Elyvilon.
   323 | D        | Noticed a yak
   337 | D        | Killed a yak
   338 | D        | Reached skill level 9 in Staves
   338 | D        | Found an opulent altar of Gozag.
   340 | D        | Found a sparkling altar of Nemelex Xobeh.
   470 | D        | Became a worshipper of Nemelex Xobeh the Trickster
   490 | D        | Found a burning altar of Makhleb.
   490 | D        | Found a viscous altar of Jiyva.
   490 | D        | Found a shimmering altar of Xom.
   490 | D        | Found a corrupted altar of Lugonu.
   490 | D        | Noticed a slime creature
   498 | D        | Killed a slime creature
   499 | D        | Reached skill level 10 in Staves
   499 | D        | Reached XP level 7. HP: 56/79 MP: 7/7
   546 | D        | Bought a smoky blue potion for 27 gold pieces
   546 | D        | Bought a potion of curing for 90 gold pieces
   546 | D        | Bought a scroll labelled MEACHOQUNNE for 30 gold pieces
   546 | D        | Bought a scroll labelled NERGHUD YT ZUT for 30 gold pieces
   546 | D        | Bought a scroll labelled ROSOLI UJATZAM for 30 gold pieces
   546 | D        | Bought a scroll labelled BEKEZX MYONUM for 30 gold pieces
   566 | D        | Noticed a kobold demonologist
   566 | D        | Noticed a kobold demonologist
   573 | D        | Noticed a hellwing
   587 | D        | Noticed a sun demon
   670 | D        | Killed a kobold demonologist
   671 | D        | Reached skill level 11 in Staves
   671 | D        | Reached XP level 8. HP: 36/92 MP: 8/8
   678 | D        | Noticed a soul eater
   678 | D        | Killed a kobold demonologist
   679 | D        | Reached skill level 12 in Staves
   679 | D        | Reached skill level 1 in Stealth
   782 | D        | Killed a gargoyle
   936 | D        | Noticed a centaur warrior
   940 | D        | Noticed a centaur warrior
   945 | D        | Slain by a centaur warrior

Illustrated notes

Levels and vault maps discovered:
D:        dungeon_sprint_1 [red_sonja_temple_1, red_sonja_temple_small_1]

Skill      XL: |  1  2  3  4  5  6  7  8 |
---------------+-------------------------+-----
Fighting       | 3 4 6 7 9 |  9.8
Staves         | 4 6 8 10 11 12 | 12.0
Dodging        | 4 5 7 8 9 |  9.5
Throwing       | 3 4 6 7 |  7.4
Stealth        | 1 |  1.1

Action                   |  1- 3 |  4- 6 |  7- 9 || total
-------------------------+-------+-------+-------++-------
Melee: Quarterstaff      |    25 |    29 |    22 ||    76
Throw: Throwing net      |     4 |     1 |       ||     5
       Large rock        |     1 |     4 |     1 ||     6
       Javelin           |       |     2 |     8 ||    10
  Use: Potion            |     1 |     1 |     4 ||     6
       Scroll            |       |       |     6 ||     6
Armor: Robe              |     1 |     3 |    14 ||    18
Dodge: Dodged            |    13 |     9 |    40 ||    62

Table legend: (Time is in decaauts)
 A = Elapsed time spent in this place.
 B = Non-inter-level travel time spent in this place.
 C = Inter-level travel time spent in this place.
 D = Time resting spent in this place.
 E = Time spent auto-exploring this place.
 F = Levels seen in this place.
 G = Mean time per level.
                   A        B        C        D        E       F      G
               +--------+--------+--------+--------+--------+-----+--------+
         Total |    929 |    929 |      0 |    455 |      0 |   1 |  929.0 |
       Dungeon |    929 |    929 |      0 |    455 |      0 |   1 |  929.0 |
               +--------+--------+--------+--------+--------+-----+--------+

Top non-repeatable levels by time:
       D: 929 daAuts
